HSSL
ROCKY POINT HS EAGLES @ FRESNO HS RED WINGS
05/11/2027
 
TOP OF THE 1ST
Rocky Point HS Eagles batting - Pitching for Fresno HS Red Wings : RHP Tracy O'Cannahan
Pitching: RHP Tracy O'Cannahan
Batting: LHB Gus Price 0-0: Called Strike
0-1: Fly out, F6 (Popup, 56D)
Batting: RHB Vincent Turner 0-0: Called Strike
0-1: Ball
1-1: Ball
2-1: SINGLE (Groundball, 56D)
Batting: RHB Fernando Rodríguez 0-0: Swinging Strike
0-1: Ball
1-1: Ball
2-1: Foul Ball, location: 2F
2-2: SINGLE (Line Drive, 9LS)
Vincent Turner to second
Runner from 2nd tries for 3rd, SAFE, throw made to third
Fernando Rodríguez to second
Batting: RHB Andrew Pinto 0-0: Ground out 6-3 (Groundball, 6)
Vincent Turner scores
Batting: SHB Andrés Coronado 0-0: Called Strike
0-1: SINGLE (Line Drive, 4MD)
Fernando Rodríguez to third
Batting: RHB Liam Simons 0-0: Ball
1-0: Called Strike
1-1: Foul Ball, location: 2F
1-2: Foul Ball, location: 2F
1-2: Ball
2-2: Strikes out swinging
Top of the 1st over - 1 run(s), 3 hit(s), 0 error(s), 2 left on base; Rocky Point HS 1 - Fresno HS 0
BOTTOM OF THE 1ST
Fresno HS Red Wings batting - Pitching for Rocky Point HS Eagles : RHP Cam Burns
Pitching: RHP Cam Burns
Batting: RHB Matt Snow 0-0: Fly out, F7 (Line Drive, 78M)
Batting: RHB Bobby Burks 0-0: Ball
1-0: Ground out 5-3 (Groundball, 56S)
Batting: RHB Roberto Santos 0-0: Ball
1-0: Foul Ball, location: 2F
1-1: SINGLE (Line Drive, 7S)
Batting: RHB Juan Bruno 0-0: Fly out, F9 (Flyball, 9)
Bottom of the 1st over - 0 run(s), 1 hit(s), 0 error(s), 1 left on base; Rocky Point HS 1 - Fresno HS 0
TOP OF THE 2ND
Rocky Point HS Eagles batting - Pitching for Fresno HS Red Wings : RHP Tracy O'Cannahan
Batting: RHB Fernando Pagán 0-0: Foul Ball, location: 2F
0-1: Foul Ball, location: 2F
0-2: Ball
1-2: Ball
2-2: Ball
3-2: Base on Balls
Batting: RHB Ramón Garza 0-0: Ball
1-0: Ball
2-0: Ball
Passed Ball!
Fernando Pagán to second
3-0: Base on Balls
Batting: LHB Rob Peterson 0-0: Fly out, F9 (Line Drive, 9)
Batting: LHB Gus Price 0-0: Called Strike
0-1: Ball
1-1: Ball
2-1: Ball
3-1: Base on Balls
Fernando Pagán to third
Ramón Garza to second
Batting: RHB Vincent Turner 0-0: Ball
1-0: Foul Ball, location: 2F
1-1: Ball
2-1: Ball
3-1: Foul Ball, location: 2F
3-2: Strikes out looking
Batting: RHB Fernando Rodríguez 0-0: Called Strike
0-1: Ball
1-1: Swinging Strike
1-2: Foul Ball, location: 2F
1-2: Ball
2-2: SINGLE (Groundball, 6MD)
Fernando Pagán scores
Ramón Garza to third
Gus Price to second
Runner from 3rd tries for Home, SAFE, no throw
Batting: RHB Andrew Pinto 0-0: Ball
1-0: Ball
2-0: SINGLE (Groundball, 4MD)
Gus Price to third
Fernando Rodríguez to second
Runner from 3rd tries for Home, SAFE, no throw
Batting: SHB Andrés Coronado 0-0: Ball
1-0: Ball
2-0: Ball
3-0: Called Strike
3-1: Foul Ball, location: 2F
3-2: Foul Ball, location: 2F
3-2: Base on Balls
Fernando Rodríguez to third
Andrew Pinto to second
Batting: RHB Liam Simons 0-0: Swinging Strike
0-1: Hit by Pitch
Fernando Rodríguez scores
Andrew Pinto to third
Andrés Coronado to second
Batting: RHB Fernando Pagán 0-0: Ball
1-0: Called Strike
1-1: Ball
2-1: Foul Ball, location: 2F
2-2: Foul Ball, location: 2F
2-2: Fielders Choice at 2nd, 5-4 (Groundball, 56)
Top of the 2nd over - 4 run(s), 2 hit(s), 0 error(s), 2 left on base; Rocky Point HS 5 - Fresno HS 0
BOTTOM OF THE 2ND
Fresno HS Red Wings batting - Pitching for Rocky Point HS Eagles : RHP Cam Burns
Batting: LHB Jack Mitchell 0-0: Ball
1-0: Foul Ball, location: 2F
1-1: Ball
2-1: Swinging Strike
2-2: Fly out, F7 (Flyball, 7S)
Batting: RHB Ward Dempsey 0-0: Ball
1-0: Swinging Strike
1-1: Called Strike
1-2: Ground out 5-3 (Groundball, 56)
Batting: RHB Harvey Willis 0-0: Ground out 6-3 (Groundball, 6MS)
Bottom of the 2nd over - 0 run(s), 0 hit(s), 0 error(s), 0 left on base; Rocky Point HS 5 - Fresno HS 0
TOP OF THE 3RD
Rocky Point HS Eagles batting - Pitching for Fresno HS Red Wings : RHP Tracy O'Cannahan
Batting: RHB Ramón Garza 0-0: SINGLE (Groundball, 34D)
Batting: LHB Rob Peterson 0-0: Ball
1-0: SINGLE (Groundball, 4D)
Ramón Garza to second
Throwing error, E9
Ramón Garza scores
Rob Peterson to second
Batting: LHB Gus Price 0-0: Foul Ball, location: 2F
0-1: Swinging Strike
0-2: Ball
1-2: Strikes out looking
Batting: RHB Vincent Turner 0-0: Ball
1-0: Called Strike
1-1: SINGLE (Groundball, 6D)
Rob Peterson to third
Runner from 3rd tries for Home, SAFE, throw made home
Pitching: RHP Thomas Mason
Batting: RHB Fernando Rodríguez 0-0: Ball
1-0: Swinging Strike
1-1: Ball
2-1: SINGLE (Line Drive, 9S)
Vincent Turner to second
Batting: RHB Andrew Pinto 0-0: Foul Ball, location: 2F
0-1: Foul Ball, location: 2F
0-2: SINGLE (Groundball, 56D)
Vincent Turner to third
Fernando Rodríguez to second
Batting: SHB Andrés Coronado 0-0: Fly out, F4 (Popup, 4S)
Batting: RHB Liam Simons 0-0: Called Strike
0-1: Foul Ball, location: 2F
0-2: Strikes out looking
Top of the 3rd over - 2 run(s), 5 hit(s), 1 error(s), 3 left on base; Rocky Point HS 7 - Fresno HS 0
BOTTOM OF THE 3RD
Fresno HS Red Wings batting - Pitching for Rocky Point HS Eagles : RHP Cam Burns
Batting: RHB Adrián Velásquez 0-0: Ball
1-0: Called Strike
1-1: Ball
2-1: Foul Ball, location: 2F
2-2: Ball
3-2: Foul Ball, location: 2F
3-2: Base on Balls
Batting: RHB Drew Rice 0-0: Called Strike
Adrián Velásquez is caught stealing 2nd base
0-1: SINGLE (Line Drive, 9LM)
Batting: RHB Matt Snow 0-0: Ball
1-0: Ball
2-0: Reached on error, E5 (Groundball, 56S)
Drew Rice to third
Batting: RHB Bobby Burks 0-0: Called Strike
0-1: Ball
1-1: Ball
2-1: Ground out 6-3 (Groundball, 6)
Drew Rice scores
Batting: RHB Roberto Santos 0-0: Foul Ball, location: 2F
0-1: Called Strike
0-2: Ball
1-2: Reached on error, E6 (Groundball, 6)
Matt Snow to third
Batting: RHB Juan Bruno 0-0: Called Strike
0-1: Ball
1-1: Fly out, F8 (Flyball, 8RM)
Bottom of the 3rd over - 1 run(s), 1 hit(s), 2 error(s), 2 left on base; Rocky Point HS 7 - Fresno HS 1
TOP OF THE 4TH
Rocky Point HS Eagles batting - Pitching for Fresno HS Red Wings : RHP Thomas Mason
Batting: RHB Fernando Pagán 0-0: Ball
1-0: SINGLE (Line Drive, 9LS)
Batting: RHB Ramón Garza 0-0: Foul Ball, location: 2F
0-1: Ball
1-1: Swinging Strike
1-2: SINGLE (Groundball, 56D)
Fernando Pagán to second
Batting: LHB Rob Peterson 0-0: Ball
1-0: Fly out, F7 (Flyball, 7)
Batting: LHB Gus Price 0-0: Ball
1-0: Ball
2-0: 3-RUN HOME RUN (Flyball, 7D), Distance : 350 ft
Batting: RHB Vincent Turner 0-0: Foul Ball, location: 2F
0-1: Ball
1-1: Ball
2-1: Ground out 6-3 (Groundball, 6)
Batting: RHB Fernando Rodríguez 0-0: Foul Ball, location: 2F
0-1: Foul Ball, location: 2F
0-2: Fly out, F5 (Popup, 5S)
Top of the 4th over - 3 run(s), 3 hit(s), 0 error(s), 0 left on base; Rocky Point HS 10 - Fresno HS 1
BOTTOM OF THE 4TH
Fresno HS Red Wings batting - Pitching for Rocky Point HS Eagles : RHP Cam Burns
Batting: LHB Jack Mitchell 0-0: Ball
1-0: Ball
2-0: Foul Ball, location: 2F
2-1: Called Strike
2-2: Ball
3-2: Foul Ball, location: 2F
3-2: Reached on error, E5 (Groundball, 56S)
Batting: RHB Ward Dempsey 0-0: Ball
1-0: Ball
2-0: Ball
3-0: Called Strike
3-1: Called Strike
3-2: Base on Balls
Batting: RHB Harvey Willis 0-0: Swinging Strike
0-1: Fielders Choice at 2nd, 6-4 (Groundball, 56)
Jack Mitchell to third
Batting: RHB Adrián Velásquez 0-0: Called Strike
0-1: Called Strike
0-2: Ball
1-2: Foul Ball, location: 2F
1-2: Ball
2-2: Fly out, F9 (Line Drive, 9LS)
Runner from 3rd tags up, SCORES, no throw
Batting: RHB Drew Rice 0-0: Fielders Choice at 2nd, 4-6 (Groundball, 4)
Bottom of the 4th over - 1 run(s), 0 hit(s), 1 error(s), 0 left on base; Rocky Point HS 10 - Fresno HS 2
TOP OF THE 5TH
Rocky Point HS Eagles batting - Pitching for Fresno HS Red Wings : RHP Thomas Mason
Batting: RHB Andrew Pinto 0-0: Fly out, F9 (Flyball, 9S)
Batting: SHB Andrés Coronado 0-0: Called Strike
0-1: Ball
1-1: Swinging Strike
1-2: Foul Ball, location: 2F
1-2: Strikes out swinging
Batting: RHB Liam Simons 0-0: Foul Ball, location: 2F
0-1: Ball
1-1: Swinging Strike
1-2: Strikes out looking
Top of the 5th over - 0 run(s), 0 hit(s), 0 error(s), 0 left on base; Rocky Point HS 10 - Fresno HS 2
BOTTOM OF THE 5TH
Fresno HS Red Wings batting - Pitching for Rocky Point HS Eagles : RHP Cam Burns
Batting: RHB Matt Snow 0-0: Swinging Strike
0-1: Swinging Strike
0-2: Foul Ball, location: 2F
0-2: Ball
1-2: Foul Ball, location: 2F
1-2: Strikes out swinging, 2-3 out at first.
Batting: RHB Bobby Burks 0-0: Called Strike
0-1: Foul Ball, location: 2F
0-2: Ball
1-2: SINGLE (Groundball, 6MD)
Batting: RHB Roberto Santos 0-0: SINGLE (Groundball, 6MD)
Bobby Burks to second
Batting: RHB Juan Bruno 0-0: Ball
1-0: Foul Ball, location: 2F
1-1: Ball
2-1: Ball
3-1: Base on Balls
Bobby Burks to third
Roberto Santos to second
Batting: LHB Jack Mitchell 0-0: GRAND SLAM HOME RUN (Flyball, 89XD), Distance : 387 ft
Batting: RHB Ward Dempsey 0-0: Foul Ball, location: 2F
0-1: Ball
1-1: Ball
2-1: Swinging Strike
2-2: Fly out, F9 (Flyball, 89S)
Batting: RHB Harvey Willis 0-0: Ball
1-0: Ball
2-0: Ball
3-0: Called Strike
3-1: Ground out 6-3 (Groundball, 6)
Bottom of the 5th over - 4 run(s), 3 hit(s), 0 error(s), 0 left on base; Rocky Point HS 10 - Fresno HS 6
TOP OF THE 6TH
Rocky Point HS Eagles batting - Pitching for Fresno HS Red Wings : RHP Thomas Mason
Pitching: RHP Jake Gregory
Batting: RHB Fernando Pagán 0-0: Ball
1-0: Fly out, F9 (Flyball, 9S)
Batting: RHB Ramón Garza 0-0: Ball
1-0: Called Strike
1-1: Called Strike
1-2: Fly out, F8 (Flyball, 8RM)
Batting: LHB Rob Peterson 0-0: Called Strike
0-1: Called Strike
0-2: Hit by Pitch
Batting: LHB Gus Price 0-0: Foul Ball, location: 2F
0-1: Swinging Strike
0-2: Strikes out swinging
Top of the 6th over - 0 run(s), 0 hit(s), 0 error(s), 1 left on base; Rocky Point HS 10 - Fresno HS 6
BOTTOM OF THE 6TH
Fresno HS Red Wings batting - Pitching for Rocky Point HS Eagles : RHP Cam Burns
Pitching: RHP António Cordero
Batting: RHB Adrián Velásquez 0-0: Ball
1-0: Foul Ball, location: 2F
1-1: Swinging Strike
1-2: SINGLE (Flyball, 8LS)
Batting: RHB Drew Rice 0-0: Ball
1-0: Ball
2-0: Swinging Strike
2-1: Swinging Strike
2-2: Fly out, F9 (Line Drive, 9S)
Batting: RHB Matt Snow 0-0: Called Strike
Adrián Velásquez steals 2nd base
0-1: Swinging Strike
0-2: Foul Ball, location: 2F
0-2: Ground out 6-3 (Groundball, 6)
Adrián Velásquez to third
Batting: RHB Bobby Burks 0-0: Ball
1-0: Called Strike
1-1: Called Strike
1-2: 2-RUN HOME RUN (Flyball, 7D), Distance : 347 ft
Batting: RHB Roberto Santos 0-0: Ball
1-0: Fly out, F7 (Flyball, 7LM)
Bottom of the 6th over - 2 run(s), 2 hit(s), 0 error(s), 0 left on base; Rocky Point HS 10 - Fresno HS 8
TOP OF THE 7TH
Rocky Point HS Eagles batting - Pitching for Fresno HS Red Wings : RHP Jake Gregory
Batting: RHB Vincent Turner 0-0: Swinging Strike
0-1: Foul Ball, location: 2F
0-2: Strikes out swinging
Batting: RHB Fernando Rodríguez 0-0: Called Strike
0-1: Foul Ball, location: 2F
0-2: Ball
1-2: Foul Ball, location: 2F
1-2: Ball
2-2: Foul Ball, location: 2F
2-2: Ball
3-2: Fly out, F9 (Flyball, 9LS)
Batting: RHB Andrew Pinto 0-0: Ball
1-0: Ball
2-0: Ball
3-0: Called Strike
3-1: Base on Balls
Batting: SHB Andrés Coronado 0-0: Called Strike
0-1: Ball
1-1: Ball
2-1: Ball
3-1: Base on Balls
Andrew Pinto to second
Batting: RHB Liam Simons 0-0: Called Strike
0-1: Called Strike
0-2: Strikes out swinging
Top of the 7th over - 0 run(s), 0 hit(s), 0 error(s), 2 left on base; Rocky Point HS 10 - Fresno HS 8
BOTTOM OF THE 7TH
Fresno HS Red Wings batting - Pitching for Rocky Point HS Eagles : RHP António Cordero
Batting: RHB Juan Bruno 0-0: SOLO HOME RUN (Flyball, 78XD), Distance : 365 ft
Batting: LHB Jack Mitchell 0-0: Foul Ball, location: 2F
0-1: Ball
1-1: Ground out 6-3 (Groundball, 6)
Batting: RHB Ward Dempsey 0-0: Called Strike
0-1: Ball
1-1: Ball
2-1: Ball
3-1: Foul Ball, location: 2F
3-2: SINGLE (Flyball, 4D)
Batting: RHB Harvey Willis 0-0: Foul Ball, location: 2F
0-1: Called Strike
0-2: Strikes out looking
Batting: RHB Adrián Velásquez 0-0: Ground out 1-3 (Groundball, 15S)
Bottom of the 7th over - 1 run(s), 2 hit(s), 0 error(s), 1 left on base; Rocky Point HS 10 - Fresno HS 9
TOP OF THE 8TH
Rocky Point HS Eagles batting - Pitching for Fresno HS Red Wings : RHP Jake Gregory
Batting: RHB Fernando Pagán 0-0: Called Strike
0-1: Fly out, F7 (Flyball, 7S)
Batting: RHB Ramón Garza 0-0: Ball
1-0: Foul Ball, location: 2F
1-1: Ball
2-1: Fly out, F9 (Flyball, 9LM)
Batting: LHB Rob Peterson 0-0: Swinging Strike
0-1: Reached via error on a dropped throw, E1
Batting: LHB Gus Price 0-0: SINGLE (Line Drive, 89S)
Rob Peterson to second
Batting: RHB Vincent Turner 0-0: Called Strike
0-1: Ball
1-1: Ground out 6-3 (Groundball, 6S)
Top of the 8th over - 0 run(s), 1 hit(s), 1 error(s), 2 left on base; Rocky Point HS 10 - Fresno HS 9
BOTTOM OF THE 8TH
Fresno HS Red Wings batting - Pitching for Rocky Point HS Eagles : RHP António Cordero
Now in RF: Pedro Cháves
Batting: RHB Drew Rice 0-0: Ground out 1-3 (Groundball, P)
Batting: RHB Matt Snow 0-0: Ball
1-0: Ground out 5-3 (Groundball, 56)
Batting: RHB Bobby Burks 0-0: Ball
1-0: Ground out 4-3 (Groundball, 4)
Bottom of the 8th over - 0 run(s), 0 hit(s), 0 error(s), 0 left on base; Rocky Point HS 10 - Fresno HS 9
TOP OF THE 9TH
Rocky Point HS Eagles batting - Pitching for Fresno HS Red Wings : RHP Jake Gregory
Pitching: RHP François LeDoux
Batting: RHB Fernando Rodríguez 0-0: Ground out 4-3 (Groundball, 4M)
Batting: RHB Andrew Pinto 0-0: Ball
1-0: Called Strike
1-1: Foul Ball, location: 2F
1-2: Ball
2-2: Ball
3-2: DOUBLE (Flyball, 8LM)
Batting: SHB Andrés Coronado 0-0: Intentional Walk
Batting: RHB Liam Simons 0-0: Ball
1-0: Swinging Strike
1-1: Ball
2-1: Called Strike
2-2: Foul Ball, location: 2F
2-2: DOUBLE (Line Drive, 7LM)
Andrew Pinto scores
Andrés Coronado to third
Batting: RHB Fernando Pagán 0-0: Foul Ball, location: 2F
0-1: Ball
1-1: Ball
2-1: Ball
3-1: Base on Balls
Batting: RHB Pedro Cháves 0-0: Ball
1-0: Ball
2-0: Ball
3-0: Base on Balls
Andrés Coronado scores
Liam Simons to third
Fernando Pagán to second
Batting: LHB Rob Peterson 0-0: SINGLE (Groundball, 56D)
Liam Simons scores
Fernando Pagán to third
Pedro Cháves to second
Runner from 3rd tries for Home, SAFE, throw made at trailing runner, SAFE at third!
Pitching: RHP Jason Gutiérrez
Batting: LHB Gus Price 0-0: Called Strike
Rob Peterson steals 2nd base
0-1: Ball
1-1: Foul Ball, location: 2F
1-2: Strikes out looking
Batting: RHB Vincent Turner 0-0: Fly out, F8 (Flyball, 8LM)
Top of the 9th over - 4 run(s), 3 hit(s), 0 error(s), 2 left on base; Rocky Point HS 14 - Fresno HS 9
BOTTOM OF THE 9TH
Fresno HS Red Wings batting - Pitching for Rocky Point HS Eagles : RHP António Cordero
Batting: RHB Roberto Santos 0-0: Foul Ball, location: 2F
0-1: Ball
1-1: Foul Ball, location: 2F
1-2: Foul Ball, location: 2F
1-2: Ball
2-2: Ball
3-2: Foul Ball, location: 2F
3-2: Ground out 4-3 (Groundball, 4)
Pitching: LHP Rick Estes
Batting: RHB Juan Bruno 0-0: Ground out 6-3 (Groundball, 6)
Batting: LHB Jack Mitchell 0-0: Ball
1-0: Foul Ball, location: 2F
1-1: Ball
2-1: Foul Ball, location: 2F
2-2: Ball
3-2: Fly out, F8 (Flyball, 8RS)
Bottom of the 9th over - 0 run(s), 0 hit(s), 0 error(s), 0 left on base; Rocky Point HS 14 - Fresno HS 9
Thursday, March 30th, 2017 - OOTP Baseball 17.12 Build 75